 Dungeon Sprint DCSS version 0.21-a0-442-g848f44b (webtiles) character file.

1899 Kidiri the Fighter (level 8, -8/117 HPs)
             Began as a Pale Draconian Transmuter on Nov 16, 2017.
             Was a Priest of Sif Muna.
             Mangled by a centaur warrior (12 damage)
             ... in the Dungeon (Sprint I: "Red Sonja").
             The game lasted 00:03:53 (1243 turns).

Kidiri the Fighter (Pale Draconian Transmuter)      Turns: 1243, Time: 00:03:53

Health: -8/117     AC:  7    Str: 18    XL:     8   Next: 93%
Magic:  12/16      EV: 16    Int: 14    God:    Sif Muna [***...]
Gold:   405        SH:  0    Dex: 13    Spells: 3/18 levels left

rFire    . . .     SeeInvis .     - Unarmed
rCold    . . .     Gourm    .   (no shield)
rNeg     . . .     Faith    .   (armour unavailable)
rPois    .         Spirit   .   (helmet restricted)
rElec    .         Reflect  .   j - +0 cloak
rCorr    .         Harm     .   (no gloves)
MR       .....     NoTele   +   (no boots)
Stlth    ..........             (no amulet)
HPRegen  0.29/turn              (no ring)
MPRegen  0.15/turn              (no ring)

@: berserking, very quick
A: breathe steam, unfitting armour, cold-blooded, AC +6
a: Breathe Steam, Divine Energy, Channel Magic, Renounce Religion


You were in the Dungeon.
You worshipped Sif Muna.
Sif Muna was most pleased with you.
You were not hungry.

You visited 1 branch You collected 405 gold pieces.

Inventory:

Missiles
 a - 18 arrows
Armour
 j - a +0 cloak (worn)
Scrolls
 i - a scroll of blinking
Potions
 f - a potion of haste
 g - 2 potions of magic
Books
 b - a book of Changes

   Spells                             Type                      Level
   a - Beastly Appendage              Transmutation                1
   b - Sticks to Snakes               Transmutation                2
   c - Spider Form                    Transmutation/Poison         3
   d - Ice Form                       Ice/Transmutation            4
   e - Blade Hands                    Transmutation                5


   Skills:
 * Level 9.2 Fighting
 * Level 8.0 Dodging
 + Level 5.8 Stealth
 * Level 9.1 Unarmed Combat
 + Level 5.8 Spellcasting
 * Level 8.7 Transmutations
 + Level 4.4 Ice Magic
 + Level 5.3 Poison Magic


You had 3 spell levels left.
You knew the following spells:

 Your Spells              Type           Power        Failure   Level  Hunger
a - Beastly Appendage     Tmut           ####..       1%          1    None
b - Sticks to Snakes      Tmut           ####....     1%          2    #......
c - Spider Form           Tmut/Pois      ###.......   2%          3    ###....
d - Ice Form              Ice/Tmut       ###.....     11%         4    ####...
e - Blade Hands           Tmut           ####......   12%         5    ######.


Dungeon Overview and Level Annotations

Branches:
Dungeon (1/1)

Altars:
Cheibriados
Dithmenos
Elyvilon
Fedhas
Gozag
Hepliaklqana
Kikubaaqudgha
Makhleb
Nemelex Xobeh
Okawaru
Qazlal
Ru
Sif Muna
Trog
Uskayaw
Vehumet
Wu Jian
Xom
Yredelemnul
Zin
The Shining One
Jiyva
Lugonu

Shops:
D (

Annotations:
D exclusion: 2 doors


Innate Abilities, Weirdness & Mutations

You can breathe blasts of scalding, opaque steam.
Your pale cyan-grey scales are hard. (AC +6)
You cannot fit into any form of body armour.
You are cold-blooded and may be slowed by cold attacks.


Message History

Your ball python bites the centaur warrior but does no damage. x2
The centaur warrior hits you!
* * * LOW HITPOINT WARNING * * *
You barely miss the centaur warrior.
The centaur warrior is moderately wounded.
Your ball python bites the centaur warrior but does no damage.
Your ball python closely misses the centaur warrior.
You completely miss the centaur warrior.
The centaur warrior is moderately wounded.
The centaur warrior hits you but does no damage.
You closely miss the centaur warrior. You punch the centaur warrior.
The centaur warrior is moderately wounded.
Your ball python bites the centaur warrior.
The centaur warrior hits you!
* * * LOW HITPOINT WARNING * * *
Your ball python bites the centaur warrior but does no damage.
You barely miss the centaur warrior. You tail-slap the centaur warrior.
The centaur warrior is moderately wounded.
The centaur warrior hits you!
You die...

#######################
#..'..#.)'..#__#..+..[#
').#.)'..#..+..+..#...#
#####+#####'#__####...+
####..#...#(####§§#####
#__####..##.#§§§§§#
#_____##+#_.§§§§@S+
#_.∩...+..._#§§§Sc#
#_..__##_.#+##+####
#_____###+#.# #######
###


You could see a centaur warrior and 2 friendly ball pythons.

Vanquished Creatures
  A centaur warrior (D)
  2 kobold demonologists (D)
  A slime creature (D)
  Sigmund (D)
  A yak (D)
  A floating eye (D)
  A jelly (D)
  Ijyb (D)
9 creatures vanquished.

Vanquished Creatures (collateral kills)
  An ogre (D)
1 creature vanquished.

Grand Total: 10 creatures vanquished

Notes
Turn   | Place    | Note
-------+----------+-------------------------------------------
     0 | D        | Kidiri the Draconian Transmuter began the quest for the Orb.
     0 | D        | Reached XP level 1. HP: 16/16 MP: 3/3
     3 | D        | Noticed Ijyb
    23 | D        | Killed Ijyb
    23 | D        | Reached skill level 1 in Stealth
    23 | D        | Reached XP level 2. HP: 9/25 MP: 2/5
    52 | D        | Learned a level 2 spell: Sticks to Snakes
   222 | D        | Noticed an ogre
   229 | D        | Killed an ogre
   229 | D        | Reached skill level 5 in Unarmed Combat
   229 | D        | Reached XP level 3. HP: 21/34 MP: 1/7
   229 | D        | Reached XP level 4. HP: 26/41 MP: 1/8
   234 | D        | Learned a level 3 spell: Spider Form
   608 | D        | Noticed Sigmund
   616 | D        | Killed Sigmund
   616 | D        | Reached skill level 5 in Fighting
   616 | D        | Reached skill level 5 in Dodging
   616 | D        | Reached skill level 5 in Transmutations
   616 | D        | Reached XP level 5. HP: 50/50 MP: 2/10
   633 | D        | Learned a level 4 spell: Ice Form
   684 | D        | Found an ornate altar of the Wu Jian Council.
   684 | D        | Found a deep blue altar of Sif Muna.
   686 | D        | Found a radiant altar of Vehumet.
   690 | D        | Reached XP level 6. HP: 57/57 MP: 6/11
   707 | D        | Became a worshipper of Sif Muna the Loreminder
   801 | D        | Found Inuiha Piats's Weapon Emporium.
   801 | D        | Found an ancient bone altar of Kikubaaqudgha.
   801 | D        | Found a hazy altar of Hepliaklqana.
   801 | D        | Found a stormy altar of Qazlal.
   801 | D        | Found a hide-covered altar of Uskayaw.
   801 | D        | Found a blossoming altar of Fedhas.
   801 | D        | Found a bloodstained altar of Trog.
   801 | D        | Found an iron altar of Okawaru.
   801 | D        | Found a basalt altar of Yredelemnul.
   801 | D        | Found a glowing golden altar of the Shining One.
   801 | D        | Found a snail-covered altar of Cheibriados.
   801 | D        | Found a sacrificial altar of Ru.
   801 | D        | Found a glowing silver altar of Zin.
   801 | D        | Found a shadowy altar of Dithmenos.
   801 | D        | Found a white marble altar of Elyvilon.
   801 | D        | Noticed a yak
   806 | D        | Killed a yak
   806 | D        | Reached skill level 1 in Ice Magic
   808 | D        | Found an opulent altar of Gozag.
   809 | D        | Found a sparkling altar of Nemelex Xobeh.
   947 | D        | Found a burning altar of Makhleb.
   947 | D        | Found a viscous altar of Jiyva.
   947 | D        | Found a shimmering altar of Xom.
   947 | D        | Found a corrupted altar of Lugonu.
   947 | D        | Noticed a slime creature
   955 | D        | Killed a slime creature
   955 | D        | Reached * piety under Sif Muna
   955 | D        | Your scales start taking on a pale cyan-grey colour.
   955 | D        | Reached XP level 7. HP: 58/66 MP: 5/13
  1046 | D        | Learned a level 5 spell: Blade Hands
  1059 | D        | Noticed a kobold demonologist
  1060 | D        | Noticed a kobold demonologist
  1067 | D        | Noticed a ynoxinul
  1069 | D        | Killed a kobold demonologist
  1069 | D        | Reached ** piety under Sif Muna
  1069 | D        | Reached skill level 5 in Stealth
  1069 | D        | Reached skill level 5 in Spellcasting
  1072 | D        | Noticed a rust devil
  1079 | D        | Killed a kobold demonologist
  1079 | D        | Reached XP level 8. HP: 48/75 MP: 5/16
  1221 | D        | Noticed a centaur warrior
  1222 | D        | Noticed a centaur warrior
  1236 | D        | Killed a centaur warrior
  1236 | D        | Reached *** piety under Sif Muna
  1236 | D        | Reached skill level 5 in Poison Magic
  1242 | D        | HP: 4/117 [centaur warrior (7)]
  1243 | D        | Mangled by a centaur warrior

Vault maps used:
D:        dungeon_sprint_1

Skill      XL: |  1  2  3  4  5  6  7  8 |
---------------+-------------------------+-----
Fighting       | 2 4 5 7 8 9 |  9.2
Dodging        | 2 4 5 6 7 8 |  8.0
Stealth        | 1 2 3 4 5 |  5.8
Transmutations | 3 4 5 6 8 |  8.7
Unarmed Combat | 5 6 7 8 9 |  9.1
Spellcasting   | 3 4 5 |  5.8
Poison Magic   | 2 3 4 5 |  5.3
Ice Magic      | 2 3 4 |  4.4

Action                   |  1- 3 |  4- 6 |  7- 9 || total
-------------------------+-------+-------+-------++-------
Melee: Unarmed           |    25 |    14 |    25 ||    64
       Kick              |     8 |       |       ||     8
       Tailslap          |     3 |       |     7 ||    10
       Punch             |     1 |       |     1 ||     2
 Cast: Beastly Appendage |     3 |       |       ||     3
       Sticks to Snakes  |     2 |     4 |     1 ||     7
       Spider Form       |       |     1 |       ||     1
       Ice Form          |       |     3 |       ||     3
       Blade Hands       |       |       |     2 ||     2
 Abil: Breathe Steam     |       |       |     2 ||     2
  Use: Potion            |       |       |     3 ||     3
 Stab: Sleeping          |     1 |     2 |     2 ||     5
  Eat: Bread ration      |       |     1 |       ||     1
Armor: Skin              |     1 |     1 |     4 ||     6
Dodge: Dodged            |    13 |     3 |    14 ||    30

Table legend:
 A = Spawn XP
 B = Non-spawn XP
 C = Spawn XP percentage of total XP
 D = Spawn monster count
 E = Non-spawn monster count
 F = Spawn count percentage of total count
 G = Total turns spent on level
                    A         B        C        D         E        F      G
               +---------+---------+-------+---------+---------+-------+---------
         Total |       0 |    2714 |   0.0 |       0 |      10 |   0.0 |  1243
               +---------+---------+-------+---------+---------+-------+---------
             D |       0 |    2714 |   0.0 |       0 |      10 |   0.0 |  1243
               +---------+---------+-------+---------+---------+-------+---------
